 Dungeon Crawl Stone Soup version 0.30-a0-570-g486de37d69 (webtiles) character file.

Game seed: 8840604953322071380

2 MackTheKnife the Insei (level 1, -2/16 HPs)
             Began as an Octopode Monk on Dec 29, 2022.
             Slain by Sigmund
             ... wielding a +2 scythe of venom
              (7 damage)
             ... on level 2 of the Dungeon.
             The game lasted 00:00:32 (68 turns).

MackTheKnife the Insei (Octopode Monk)                Turns: 68, Time: 00:00:33

Health: -2/16      AC:  1    Str: 10    XL:     1   Next: 40%
Magic:  1/1        EV: 14    Int: 12    God:
Gold:   8          SH:  0    Dex: 14    Spells: 0/0 levels left

rFire   . . .      SeeInvis .      - Unarmed
rCold   . . .      Faith    .    (no shield)
rNeg    . . .      Spirit   .    (helmet restricted)
rPois   .          Reflect  .    (no amulet)
rElec   .          Harm     .    (no ring)
rCorr   .          Rampage  .    (no ring)
Will    .....                    (no ring)
Stlth   +++                      (no ring)
HPRegen 0.22/turn                (no ring)
MPRegen 0.07/turn                (no ring)
                                 (no ring)
                                 (no ring)

@: no status effects
A: almost no armour, amphibious, 8 rings, camouflage 1, gelatinous body 1,
(nimble swimmer 1), tentacles
a: no special abilities


You were on level 2 of the Dungeon.
You visited 1 branch of the dungeon, and saw 2 of its levels.

You collected 8 gold pieces.


Innate Abilities, Weirdness & Mutations

You cannot wear most types of armour.
You are amphibious.
You can wear up to eight rings at the same time.
Your skin changes colour to match your surroundings (Stealth+).
Your rubbery body absorbs attacks. (AC +1, EV +1)
((You are camouflaged when in or above water. (Stealth+)))
You have tentacles for arms and can constrict up to eight enemies at once.


   Skills:
 - Level 3.0 Fighting
 - Level 3.0 Dodging
 - Level 2.6 Stealth
 + Level 3.2 Unarmed Combat


You couldn't memorise any spells.
You didn't know any spells.
Your spell library was empty.

Inventory:

Potions
 a - a potion of ambrosia

Dungeon Overview and Level Annotations

Branches:
Dungeon (1/15) Zot: 11931

Altars:

Annotations:
D:2 Sigmund

#### ... . ..## .. ..# ...
#.# ##.$.. ##.###.....
#....!.##...
#...@.......#########
###..g..............#..
#...@..................
......#.........#..........
##### #..)......#..........
#.........#?.........
#########.#..........
#............ #............


You could see Sigmund and a hobgoblin.


Message History

🤖 Initializing magus.rc ...
Options error: Delay interrupt name "hungry" not recognised. (~/.crawlrc:4771) Options error: Bad monster_list_colour key: strict_neutral (~/.crawlrc:4786) Bad channel name for runrest: 'pray:' ✅ Successfully initialized magus.rc [v1.9.6] Welcome, MackTheKnife the Octopode Monk.
Everyone else who sought the Orb of Zot has failed.
Will you be different?
Press ? for a list of commands and other information.
Found 8 gold pieces.
Found a staircase leading out of the dungeon.
You now have 8 gold pieces.
Key pressed, stopping explore.
Key pressed, stopping explore.
A sourceless malevolence fills the Dungeon...
You fall into a shaft and drop 1 floor!
The shaft crumbles and collapses.
Unknown command.
Unknown command.
A giant cockroach comes into view.
A giant cockroach is nearby!
An endoplasm comes into view.
You see here 2 stones {throwing}.
The giant cockroach barely misses you.
You barely miss the giant cockroach. Your grab misses the giant cockroach.
The giant cockroach barely misses you.
You barely miss the giant cockroach. You grab the giant cockroach.
You squeeze the giant cockroach.
You kill the giant cockroach!
The endoplasm quivers.
The endoplasm hits you. 😕 HP[-1]
You take 1 damage, and now have 15/16 hp.
You tentacle-slap the endoplasm but do no damage.
The endoplasm freezes you.
You are frozen. 😕 HP[-1]
You take 1 damage, and now have 14/16 hp.
You tentacle-slap the endoplasm. The endoplasm misses you. 😕 HP[+1]
You tentacle-slap the endoplasm.
You kill the endoplasm!
No target in view!
No target in view!
A goblin comes into view. It is wielding a +0 dagger. 😎 HP[+1]
Your hp is fully restored (16).
A goblin is nearby!
A sourceless malevolence fills the Dungeon... and a teleportation trap spontaneously manifests!
You are yanked towards some nearby monsters!
Your surroundings suddenly seem different.
Sigmund and a hobgoblin come into view.
Sigmund is wielding a +2 scythe of venom.
Found a club and an amethyst potion.
Found a stone staircase leading up.
Sigmund shouts!
The hobgoblin shouts!
Sigmund misses you.
Unknown command.
You aren't carrying any items that you can evoke.
Unknown command.
Unknown command.
Sigmund completely misses you. Sigmund looks at you with fury.
Sigmund hits you from afar with a +2 scythe of venom!
Ouch! That really hurt!
* * * LOW HITPOINT WARNING * * *
The hobgoblin hits you.
* * * LOW HITPOINT WARNING * * *
There is a stone staircase leading up here. 😨 HP[-10]
You take 10 damage, and now have 6/16 hp.
MASSIVE DAMAGE!! (PAUSE)
The hobgoblin hits you.
* * * LOW HITPOINT WARNING * * *
Sigmund hits you from afar with a +2 scythe of venom!
You die...

Action                   || total
-------------------------++-------
Melee: Unarmed           ||     5
       Constrict         ||     1
       Tentacles         ||     1
Dodge: Dodged            ||     5

Levels and vault maps discovered:
D:1:      minmay_arrival_loop, layout_basic, serial_shops,
          nicolae_shop_temple_entry_statues_fountains, nicolae_shop_statue_plus,
          shop, shop_fountains
D:2:      layout_rooms, uniq_robin, uniq_sigmund

Notes
Turn   | Place    | Note
-------+----------+-------------------------------------------
     0 | D:1      | MackTheKnife the Octopode Monk began the quest for the Orb.
     0 | D:1      | Reached XP level 1. HP: 16/16 MP: 1/1
     0 | D:1      | magus.rc [v1.9.6]
    40 | D:1      | You fall into a shaft and drop 1 floor!
    64 | D:2      | Noticed Sigmund
    68 | D:2      | Slain by Sigmund

Vanquished Creatures
  An endoplasm (D:2)
  A giant cockroach (D:2)
2 creatures vanquished.

Table legend:
 A = Non-vault XP
 B = Vault XP
 C = Vault XP percentage of total XP
 D = Non-vault monster count
 E = Vault monster count
 F = Vault count percentage of total count
                 A         B        C        D         E       F
            +---------+---------+-------+---------+---------+-------
      Total |       4 |       0 |   0.0 |       2 |       0 |   0.0
            +---------+---------+-------+---------+---------+-------
        D:2 |       4 |       0 |   0.0 |       2 |       0 |   0.0
            +---------+---------+-------+---------+---------+-------

Illustrated notes

Table legend:
 A = Kills in this place as a percentage of kills in entire the game.
 B = Kills by you in this place as a percentage of kills by you in the entire game.
 C = Kills by friends in this place as a percentage of kills by friends in the entire game.
 D = Other kills in this place as a percentage of other kills in the entire game.
 E = Experience gained in this place as a percentage of experience gained in the entire game.
 F = Experience gained in this place divided by the number of levels of this place that you have seen.
                   A       B       C       D       E      F
               +-------+-------+-------+-------+-------+----------------------
         Total | 100.0 | 100.0 |   N/A |   N/A | 100.0 |   2.0
       Dungeon | 100.0 | 100.0 |   N/A |   N/A | 100.0 |   2.0
               +-------+-------+-------+-------+-------+----------------------

Table legend: (Time is in decaauts)
 A = Elapsed time spent in this place.
 B = Non-inter-level travel time spent in this place.
 C = Inter-level travel time spent in this place.
 D = Time resting spent in this place.
 E = Time spent auto-exploring this place.
 F = Levels seen in this place.
 G = Mean time per level.
                   A        B        C        D        E       F      G
               +--------+--------+--------+--------+--------+-----+--------+
         Total |     67 |     67 |      0 |      0 |     49 |   2 |   33.5 |
       Dungeon |     67 |     67 |      0 |      0 |     49 |   2 |   33.5 |
               +--------+--------+--------+--------+--------+-----+--------+

Top non-repeatable levels by time:
     D:1: 40 daAuts
     D:2: 27 daAuts
